 Dungeon Crawl Stone Soup version 0.30.0-5-g1a98f26d00 (webtiles) character file.

Game seed: 4284118759898806959

114 Jarnaxa the Firebug (level 4, 0/24 HPs)
             Began as a Deep Elf Fire Elementalist on May 11, 2023.
             Slain by Ijyb
             ... wielding a +0 dagger
              (6 damage)
             ... on level 3 of the Dungeon on May 12, 2023.
             The game lasted 00:08:53 (2551 turns).

Jarnaxa the Firebug (Deep Elf Fire Elementalist)    Turns: 2551, Time: 00:08:54

Health: 0/24       AC:  2    Str:  5    XL:     4   Next: 66%
Magic:  6/12       EV: 13    Int: 22    God:
Gold:   120        SH:  0    Dex: 15    Spells: 5/11 levels left

rFire   . . .        k - +2 spear (flame)
rCold   . . .        (no shield)
rNeg    . . .        a - +0 robe
rPois   .            (no helmet)
rElec   .            (no cloak)
rCorr   .            (no gloves)
SInv    +            (no boots)
Will    .....        (no amulet)
Stlth   ++           c - ring of see invisible
HPRegen 0.24/turn    (no ring)
MPRegen 0.13/turn

%: no passive effects
@: no status effects
A: no striking features
a: no special abilities


You were on level 3 of the Dungeon.
You visited 1 branch of the dungeon, and saw 3 of its levels.

You collected 120 gold pieces.

Inventory:

Hand Weapons
 k - a +2 spear of flaming (weapon)
Armour
 a - a +0 robe (worn)
Jewellery
 c - a ring of see invisible (left hand)
 i - an amulet of faith
Wands
 f - a wand of paralysis (5)
Scrolls
 d - 2 scrolls of identify
Potions
 b - a potion of magic
 j - 2 potions of brilliance
 l - 2 potions of berserk rage


   Skills:
 + Level 3.0 Dodging
 + Level 2.7 Stealth
 + Level 4.4 Spellcasting
 + Level 1.9 Conjurations
 + Level 4.5 Fire Magic


You had 5 spell levels left.
You knew the following spells:

 Your Spells              Type           Power      Damage    Failure   Level
a - Foxfire               Conj/Fire      76%        2x1d7     2%          1
b - Scorch                Fire           48%        2d7       2%          2
c - Inner Flame           Hex/Fire       14%        N/A       13%         3

Your spell library contained the following spells:

 Spells                   Type           Power      Damage    Failure   Level
 Volatile Blastmotes      Fire/Tloc      28%        2d12      13%         3
 Flame Wave               Conj/Fire      19%        2d7       28%         4
 Ozocubu's Armour         Ice            4%         N/A       32%         3
 Fireball                 Conj/Fire      9%         3d6       61%         5
 Starburst                Conj/Fire      9%         6d5       99%         6
 Plasma Beam              Fire/Air       7%         2x1d19    100%        6
 Ozocubu's Refrigeration  Ice            2%         4d7       100%        7


Dungeon Overview and Level Annotations

Branches:
Dungeon (3/15)

Altars:
Wu Jian

Annotations:
D:3 Ijyb, Sigmund


Message History

Sigmund suddenly stops moving!
Casting: Scorch (safe; 2% risk of failure)
Confirm with . or Enter, or press ? or * to list all spells.
Flames lash Ijyb.
Ijyb is moderately wounded.
Ijyb's fire resistance burns away.
You are too injured to fight recklessly!
Casting: Scorch (safe; 2% risk of failure)
Confirm with . or Enter, or press ? or * to list all spells.
You conjure some foxfire!
The foxfire hits Ijyb!
Ijyb is burned terribly!
Ijyb is heavily wounded.
The foxfire hits Ijyb but does no damage.
Ijyb is heavily wounded.
Casting: Foxfire (safe; 2% risk of failure)
Confirm with . or Enter, or press ? or * to list all spells.
You conjure some foxfire!
Ijyb barely misses you.
Ijyb is no longer more vulnerable to fire.
The foxfire hits Ijyb but does no damage.
Ijyb is heavily wounded.
The foxfire hits Ijyb.
Ijyb is severely wounded.
Casting: Foxfire (safe; 2% risk of failure)
Confirm with . or Enter, or press ? or * to list all spells.
You conjure some foxfire!
Ijyb hits you with a +0 dagger.
Your foxfire dissipates!
Ijyb attacks as you move away! Ijyb hits you with a +0 dagger.
* * * LOW HITPOINT WARNING * * *
The foxfire hits Ijyb.
Ijyb is severely wounded.
Casting: Foxfire (safe; 2% risk of failure)
Confirm with . or Enter, or press ? or * to list all spells.
You conjure some foxfire!
Ijyb closely misses you.
Your foxfire dissipates!
The foxfire hits Ijyb but does no damage.
Ijyb is severely wounded.
Casting: Foxfire (safe; 2% risk of failure)
Confirm with . or Enter, or press ? or * to list all spells.
You conjure some foxfire!
Ijyb hits you with a +0 dagger.
You die...

...#####.....## #........
.....#......## #........
...........########........
#........)##.##............
###.....###.....##..######
###'''###...####..##
#..†.<......#.....#
#....†....>...#gv##
#...........###@## .
#...#.####### #v# .#
#.....# . ###.# #.#.
#...### ....#...#####....
#...# ..........#....#
###.# ....#.###......# #.#
... #.##.....#... ##.# ....
#.##..#### #..# .## #....##


You could see Ijyb (ally target).

Vanquished Creatures
  A gnoll (D:1)
  3 adders (D:2)
  3 dart slugs
  2 endoplasms
  10 giant cockroaches
  2 goblins (D:1)
  6 hobgoblins
  4 jackals (D:2)
  5 quokkas
  6 ball pythons
  5 bats
  4 frilled lizards
  11 kobolds
  3 rats
65 creatures vanquished.

Vanquished Creatures (others)
  152 foxfires
152 creatures vanquished.

Grand Total: 217 creatures vanquished

Notes
Turn   | Place    | Note
-------+----------+-------------------------------------------
     0 | D:1      | Jarnaxa the Deep Elf Fire Elementalist began the quest for
                  | the Orb.
     0 | D:1      | Reached XP level 1. HP: 10/10 MP: 6/6
    21 | D:1      | Reached XP level 2. HP: 14/15 MP: 2/8
   311 | D:1      | Reached XP level 3. HP: 19/19 MP: 8/10
   630 | D:1      | Learned a level 2 spell: Scorch
   943 | D:2      | Found an ornate altar of the Wu Jian Council.
   994 | D:2      | Reached XP level 4. HP: 24/24 MP: 7/11
  1054 | D:2      | Learned a level 3 spell: Inner Flame
  2273 | D:3      | Noticed Ijyb
  2387 | D:3      | Noticed Sigmund
  2551 | D:3      | Slain by Ijyb

Illustrated notes

Levels and vault maps discovered:
D:1:      dpeg_arrival_connections, layout_rooms
D:2:      layout_basic, basic_altar
D:3:      layout_rooms, serial_shops, shop, nicolae_shop_pleasant_corner_grove,
          kennysheep_donut, cheibrodos_gnoll_hut, uniq_sigmund, uniq_jessica,
          uniq_ijyb

Skill      XL: |  1  2  3  4 |
---------------+-------------+-----
Dodging        | 3 |  3.0
Fire Magic     | 4 |  4.5
Spellcasting   | 4 |  4.4
Stealth        | |  2.7
Conjurations   | |  1.9

Action                     |  1- 3 |  4- 6 || total
---------------------------+-------+-------++-------
  Melee: Spear             |       |     1 ||     1
         Unarmed           |       |     1 ||     1
   Cast: Foxfire           |    63 |    45 ||   108
         Scorch            |     1 |     6 ||     7
  Evoke: Wand              |       |     1 ||     1
    Use: Scroll            |       |     5 ||     5
 Armour: Robe              |     5 |       ||     5
  Dodge: Dodged            |    10 |     6 ||    16
